[Event "Early-Titled-Tuesday-Blitz-June-18-2024"]
[Site "Chess.com"]
[Date "2024.06.18"]
[Round "6"]
[White "SpongeBob_03"]
[Black "UnTucopalaTimba"]
[Result "0-1"]
[WhiteElo "2222"]
[BlackElo "2096"]
[TimeControl "180+1"]
[EndTime "9:07:17 PDT"]
[Termination "UnTucopalaTimba won by resignation"]

1. d4 Nf6 2. c4 e6 3. Nf3 d5 4. Nc3 Bb4 5. Bg5 dxc4 6. Qa4+ Nc6 7. Ne5 Bxc3+ 8. bxc3 Bd7 9. Nxd7 Qxd7 10. Bxf6 gxf6 11. Qxc4 a6 12. g3 b5 13. Qc5 Na5 14. Bg2 Rb8 15. a4 Nb3 16. Qa7 O-O 17. Rb1 bxa4 18. O-O Rb6 19. Rb2 Rfb8 20. Ra1 Nxa1 0-1

[Event "Early-Titled-Tuesday-Blitz-June-18-2024"]
[Site "Chess.com"]
[Date "2024.06.18"]
[Round "6"]
[White "Fore_Man"]
[Black "Resourchess"]
[Result "0-1"]
[WhiteElo "2159"]
[BlackElo "2371"]
[TimeControl "180+1"]
[EndTime "9:07:19 PDT"]
[Termination "Resourchess won by resignation"]

1. Nf3 d6 2. g3 g6 3. Bg2 Bg7 4. O-O e5 5. d3 f5 6. c4 Nf6 7. Nc3 Nc6 8. b3 h6 9. Bb2 O-O 10. a3 Ne7 11. b4 Be6 12. Nd2 Rb8 13. a4 g5 14. a5 b6 15. axb6 axb6 16. Na4 Ng6 17.
c5 d5 18. Qc2 b5 19. Nc3 c6 20. Nd1 Qd7 21. Re1 f4 22. Nf3 Nh7 23. Nc3 Bh3 24.
Bh1 fxg3 25. hxg3 g4 26. Nh2 Qf5 27. f3 Ng5 28. e4 dxe4 29. dxe4 Qd7 30. fxg4 Qd4+ 0-1

[Event "Early-Titled-Tuesday-Blitz-June-18-2024"]
[Site "Chess.com"]
[Date "2024.06.18"]
[Round "6"]
[White "Roachelley"]
[Black "SALVA-DALI"]
[Result "0-1"]
[WhiteElo "2541"]
[BlackElo "2758"]
[TimeControl "180+1"]
[EndTime "9:07:22 PDT"]
[Termination "SALVA-DALI won by resignation"]

1. d4 Nf6 2. Nf3 g6 3. e3 Bg7 4. b3 O-O 5. Ba3 d5 6. Nbd2 Ne4 7. Nxe4 dxe4 8. Nd2 f5 9. h4 h6 10. Bc4+ Kh7 11.
h5 g5 12. g4 Nc6 13. Be2 Rf7 14. gxf5 Bxf5 15. Bg4 e6 16. c3 a5 17. Rg1 a4 18.
Qc2 axb3 19. axb3 Qd5 20. Be2 b5 21. Bb2 Rxa1+ 22. Bxa1 e5 23. Bg4 exd4 24. exd4 b4 25. Bxf5+ Qxf5 26. Qxe4 Re7 0-1

[Event "Early-Titled-Tuesday-Blitz-June-18-2024"]
[Site "Chess.com"]
[Date "2024.06.18"]
[Round "6"]
[White "the_chess_child"]
[Black "SirStrateg"]
[Result "0-1"]
[WhiteElo "2868"]
[BlackElo "2712"]
[TimeControl "180+1"]
[EndTime "9:07:23 PDT"]
[Termination "SirStrateg won by resignation"]

1. e4 d6 2. Nf3 Nf6 3. Nc3 c6 4.
d4 Bg4 5. Be3 e6 6. h3 Bh5 7. g4 Bg6 8. Bd3 d5 9. e5 Nfd7 10. h4 c5 11. h5 Bxd3 12. Qxd3 cxd4 13. Bxd4 Nc6 14. O-O-O Qa5 15. Kb1 Rc8 16. g5 Nb4 17. Qe3 Nb6 18. g6 hxg6 19. hxg6 Rxh1 20. gxf7+ Kd7 21.
Rxh1 Rxc3 22. Bxc3 Qxa2+ 23. Kc1 Nc4 0-1

[Event "Early-Titled-Tuesday-Blitz-June-18-2024"]
[Site "Chess.com"]
[Date "2024.06.18"]
[Round "6"]
[White "N18player"]
[Black "Matols"]
[Result "1-0"]
[WhiteElo "2541"]
[BlackElo "2361"]
[TimeControl "180+1"]
[EndTime "9:07:23 PDT"]
[Termination "N18player won by resignation"]

1. e4 c6 2. d4 d5 3. exd5 cxd5 4. Bd3 Nc6 5. c3 Nf6 6. h3 e5 7. dxe5 Nxe5 8. Nf3 Nxd3+ 9. Qxd3 Bd6 10. O-O O-O 11.
Bg5 h6 12. Bxf6 Qxf6 13. Nbd2 Rd8 14. Rfe1 Bf5 15. Qd4 Qxd4 16. Nxd4 Bg6 17. Rad1 a5 18. Nf1 a4 19. a3 Ra6 20. Ne3 Rb6 21. Rd2 Bf4 22. g3 Bxe3 23. Rxe3 Kf8 24. Ne2 Rb3 25. Nf4 Bf5 26. g4 Be4 27. Rxe4 Rxb2 28. Rxb2 dxe4 29. Rxb7 Rd1+ 30. Kg2 Ra1 31. Nd5 g5 32. Ra7 Rxa3 33.
c4 Ra1 34. c5 Rc1 35. Rxa4 Rxc5 36. Ne3 Re5 37. Ra6 h5 38. gxh5 f5 39. Rf6+ Kg7 40.
Rxf5 1-0

[Event "Early-Titled-Tuesday-Blitz-June-18-2024"]
[Site "Chess.com"]
[Date "2024.06.18"]
[Round "6"]
[White "wonderfultime"]
[Black "Mikayel99"]
[Result "1-0"]
[WhiteElo "3037"]
[BlackElo "2622"]
[TimeControl "180+1"]
[EndTime "9:07:24 PDT"]
[Termination "wonderfultime won by resignation"]

1. d4 g6 2. e4 Bg7 3. Nf3 d6 4. Bc4 e6 5. Bb3 b6 6. O-O Bb7 7. Re1 c5 8. c3 Ne7 9. Bf4 O-O 10. Nbd2 cxd4 11. cxd4 d5 12. e5 Nbc6 13. Nf1 a5 14. a3 Rc8 15. Ng3 b5 16. h4 h5 17.
Bc2 b4 18. Ng5 Nxd4 19. Bd3 Nef5 20. Nxh5 Nxh4 21. Qg4 Nhf5 22. Ng3 Nxg3 23. Qxg3 Nf5 24. Qh3 Re8 25. Bxf5 exf5 26. e6 fxe6 27. Rxe6 Rc6 28. Qh7+ Kf8 29. Qxg6 Re7 30. Rxc6 Bxc6 31. Qxc6 Qd7 32. Qxd7 Rxd7 33. Ne6+ Kf7 34. Nxg7 1-0

[Event "Early-Titled-Tuesday-Blitz-June-18-2024"]
[Site "Chess.com"]
[Date "2024.06.18"]
[Round "6"]
[White "sanbruh"]
[Black "ManMish2"]
[Result "0-1"]
[WhiteElo "2462"]
[BlackElo "2648"]
[TimeControl "180+1"]
[EndTime "9:07:25 PDT"]
[Termination "ManMish2 won by resignation"]

1. e4 e5 2. Nf3 Nc6 3. Bb5 a6 4. Ba4 Nf6 5. O-O Nxe4 6. Re1 Nc5 7. Bxc6 dxc6 8. Nxe5 Be7 9. d4 Ne6 10. Be3 O-O 11.
Nc3 Bf6 12. Nf3 b6 13. Qd2 Bb7 14. Rad1 Re8 15. Ne4 c5 16. Nxf6+ Qxf6 17. dxc5 Bxf3 18.
gxf3 Qxf3 19. Qd5 Qg4+ 20. Qg2 Qb4 21. cxb6 cxb6 22. b3 Rad8 23. c4 b5 24. cxb5 axb5 25. Bb6 Rxd1 26. Rxd1 Nf4 27. Qf1 Qe4 28. f3 Qg6+ 0-1

[Event "Early-Titled-Tuesday-Blitz-June-18-2024"]
[Site "Chess.com"]
[Date "2024.06.18"]
[Round "6"]
[White "Arteler"]
[Black "Weifd"]
[Result "1-0"]
[WhiteElo "2215"]
[BlackElo "2378"]
[TimeControl "180+1"]
[EndTime "9:07:28 PDT"]
[Termination "Arteler won by resignation"]

1. e4 c5 2. Nf3 e6 3. c3 Nf6 4. e5 Nd5 5. d4 cxd4 6. cxd4 d6 7. Bd3 Be7 8. O-O O-O 9. Nc3 Nxc3 10.
bxc3 dxe5 11. dxe5 Nd7 12. Qe2 Nc5 13. Bc2 b6 14.
Rd1 Qc7 15. Ng5 h6 16. Nh7 Rd8 17.
Nf6+ gxf6 18. Qg4+ Kh8 19. Bxh6 Rg8 20. Qh5 Rxg2+ 21. Kf1 Qxe5 22. Bg5+ 1-0

[Event "Early-Titled-Tuesday-Blitz-June-18-2024"]
[Site "Chess.com"]
[Date "2024.06.18"]
[Round "6"]
[White "Kotofeyca"]
[Black "karinachess1"]
[Result "0-1"]
[WhiteElo "2488"]
[BlackElo "2663"]
[TimeControl "180+1"]
[EndTime "9:07:30 PDT"]
[Termination "karinachess1 won by checkmate"]

1. d4 Nf6 2. c4 e6 3. Nf3 d5 4. Nc3 Bb4 5. cxd5 exd5 6. Qc2 O-O 7.
Bg5 h6 8. Bh4 g5 9. Bg3 Ne4 10.
e3 h5 11. Bd3 Bf5 12. h4 g4 13. Ng5 Re8 14. Nxe4 Bxe4 15. Bxe4 Rxe4 16. O-O-O Bxc3 17. Qxc3 Nc6 18. f3 Re6 19. fxg4 hxg4 20. Bf4 Qf6 21. Qb3 Qf5 22. Qxb7 Rb8 23. Qxc7 Rb6 24. Rd2 Nb4 25. Qd8+ Kh7 26. a3 Nd3+ 27. Kd1 Nxf4 28. exf4 Qb1# 0-1

[Event "Early-Titled-Tuesday-Blitz-June-18-2024"]
[Site "Chess.com"]
[Date "2024.06.18"]
[Round "6"]
[White "cmunda"]
[Black "ThetNaung291"]
[Result "0-1"]
[WhiteElo "2199"]
[BlackElo "2453"]
[TimeControl "180+1"]
[EndTime "9:07:30 PDT"]
[Termination "ThetNaung291 won by resignation"]

1. e4 c5 2. c3 d5 3. exd5 Qxd5 4. d4 Nf6 5. Nf3 Bg4 6. Be2 e6 7. O-O Nc6 8. Nbd2 cxd4 9. cxd4 Be7 10. h3 Bh5 11.
Re1 O-O 12. Bc4 Qd6 13. Ne4 Nxe4 14. Rxe4 Rfd8 15. Be3 Rac8 16. Be2 Bg6 17. Rg4 Nb4 18. a3 Nd5 19. Rc1 Bf6 20. Rxc8 Rxc8 21. Bd3 Qb6 22. Bxg6 hxg6 23. Qd2 Qb3 24. Ne1 a6 25. Kh2 Qc4 26. Nf3 Qf1 27. Ne5 Qb1 28. Qd3 Bxe5+ 0-1

[Event "Early-Titled-Tuesday-Blitz-June-18-2024"]
[Site "Chess.com"]
[Date "2024.06.18"]
[Round "6"]
[White "c63_amg"]
[Black "Lestofante90"]
[Result "1-0"]
[WhiteElo "2815"]
[BlackElo "2959"]
[TimeControl "180+1"]
[EndTime "9:07:33 PDT"]
[Termination "c63_amg won by resignation"]

1. e4 c6 2. d4 d5 3. e5 Bf5 4. h4 h5 5. Bd3 Bxd3 6. Qxd3 Qa5+ 7. Nc3 e6 8. Bg5 Qa6 9. Qd2 Nh6 10. Nf3 Nf5 11. Ne2 c5 12. c3 Nc6 13. O-O cxd4 14. Nexd4 Nfxd4 15. cxd4 Rc8 16. a3 Na5 17. Rac1 Rc4 18. Rxc4 Nxc4 19. Qc2 Qc6 20. Rc1 Kd7 21. b3 Nxa3 22. Qd2 Qb5 23. Qf4 Be7 24. Bxe7 Kxe7 25.
Rc7+ Kd8 26. Qxf7 Re8 27. Rxb7 Qc6 28. Rb8+ 1-0

[Event "Early-Titled-Tuesday-Blitz-June-18-2024"]
[Site "Chess.com"]
[Date "2024.06.18"]
[Round "6"]
[White "bescmelasti"]
[Black "Acva-Alenok"]
[Result "1-0"]
[WhiteElo "2616"]
[BlackElo "2403"]
[TimeControl "180+1"]
[EndTime "9:07:34 PDT"]
[Termination "bescmelasti won by resignation"]

1. e4 c6 2. d4 d5 3. exd5 cxd5 4. Bd3 Nc6 5. Nf3 Nf6 6. h3 g6 7. Bf4 Bf5 8. Bxf5 gxf5 9. O-O e6 10. Nbd2 Bd6 11.
Bxd6 Qxd6 12. Re1 Rg8 13. c4 O-O-O 14. Rc1 Rg7 15. Kh1 Rdg8 16. Rg1 Ne4 17. Qe2 Qf4 18. cxd5 exd5 19. Nxe4 fxe4 20. Ne5 Rxg2 21. Rxc6+ bxc6 22. Rxg2 Qc1+ 23. Kh2 Qf4+ 24. Rg3 f6 25. Qa6+ Kb8 26.
Nxc6+ Kc7 27. Qa5+ Kxc6 28. Qc5+ 1-0

[Event "Early-Titled-Tuesday-Blitz-June-18-2024"]
[Site "Chess.com"]
[Date "2024.06.18"]
[Round "6"]
[White "jguerramzllo"]
[Black "esskeettit"]
[Result "1-0"]
[WhiteElo "2671"]
[BlackElo "2503"]
[TimeControl "180+1"]
[EndTime "9:07:37 PDT"]
[Termination "jguerramzllo won by resignation"]

1. e4 c5 2. Nf3 Nc6 3. Bb5 g6 4. O-O Bg7 5. Re1 Nf6 6. c3 O-O 7. h3 Qb6 8. Bf1 d5 9. e5 Ne8 10. d4 Nc7 11. b3 Bf5 12. Be3 cxd4 13. cxd4 Bxb1 14. Rxb1 Ne6 15. b4 Rfc8 16. Qb3 a5 17. b5 Na7 18. Qxd5 Qd8 19. Qxb7 Rcb8 20. Qe4 Qd7 21. d5 Nd8 22. b6 Nc8 23. Bb5 Qb7 24. Bc6 Qa6 25. Bxa8 Qxa8 26. Bc5 e6 27. dxe6 Qxe4 28.
exf7+ Kxf7 29. Rxe4 Ne6 30. Be3 Rb7 31. Ra4 Bf8 32. Rxa5 Bc5 33. Bxc5 1-0

[Event "Early-Titled-Tuesday-Blitz-June-18-2024"]
[Site "Chess.com"]
[Date "2024.06.18"]
[Round "6"]
[White "Timurist"]
[Black "santosalberto1987"]
[Result "0-1"]
[WhiteElo "2384"]
[BlackElo "2584"]
[TimeControl "180+1"]
[EndTime "9:07:39 PDT"]
[Termination "santosalberto1987 won on time"]

1. e4 e6 2. d4 d5 3. e5 c5 4. c3 Qb6 5. Nf3 Nc6 6. a3 a5 7. Bd3 Bd7 8. Bc2 a4 9. O-O Nh6 10. Bxh6 Qxb2 11. Nbd2 gxh6 12. Bxa4 Qxc3 13. Rb1 Qxa3 14.
Ra1 Qb2 15. Bxc6 Rxa1 16. Bxd7+ Kxd7 17. Qxa1 Qxa1 18. Rxa1 c4 19. Ra4 Be7 20. Kf1 Kc6 21.
Ke2 Rb8 22. Kd1 b5 23. Ra7 Rb7 24. Rxb7 Kxb7 25. Kc2 b4 26. g4 Kc6 27. h4 Kb5 28.
g5 h5 29. Nh2 Ka4 30. Nhf1 b3+ 31. Kb1 c3 32. Nxb3 Kxb3 33. Ne3 Bd8 34. f4 Bb6 0-1

[Event "Early-Titled-Tuesday-Blitz-June-18-2024"]
[Site "Chess.com"]
[Date "2024.06.18"]
[Round "6"]
[White "CristhianPortalR"]
[Black "Vengea_nce"]
[Result "0-1"]
[WhiteElo "2499"]
[BlackElo "2661"]
[TimeControl "180+1"]
[EndTime "9:07:43 PDT"]
[Termination "Vengea_nce won by resignation"]

1. e4 c5 2. Nf3 e6 3. d4 cxd4 4. Nxd4 Nc6 5. Nc3 Qc7 6. Be3 a6 7. f4 b5 8. Qf3 Bb7 9. Be2 Nf6 10.
Nxc6 Qxc6 11. Bd3 b4 12. Ne2 Nxe4 13. Nd4 Qd5 14. O-O-O Nc5 15. Qxd5 Bxd5 16. Rhg1 Nxd3+ 17. Rxd3 Be7 18. Nb3 O-O 19. Nc5 Rfd8 20. b3 Bc6 21.
Rd2 d6 22. Nd3 a5 23. Rgd1 Be4 24. Kb1 f5 25. Nf2 Bxg2 26. Bd4 g6 27. Re2 Kf7 28. Bb2 Bf3 29. Ree1 Bxd1 30. Rxd1 Bf6 31. Bxf6 Kxf6 32.
Nd3 e5 33. fxe5+ dxe5 0-1

[Event "Early-Titled-Tuesday-Blitz-June-18-2024"]
[Site "Chess.com"]
[Date "2024.06.18"]
[Round "6"]
[White "xasid81"]
[Black "Szachulec75"]
[Result "1-0"]
[WhiteElo "2630"]
[BlackElo "2243"]
[TimeControl "180+1"]
[EndTime "9:07:45 PDT"]
[Termination "xasid81 won by resignation"]

1. c4 Nf6 2. Nf3 g6 3. g3 Bg7 4.
Bg2 d6 5. O-O O-O 6. Nc3 Nbd7 7.
b3 e5 8. Bb2 a5 9. e3 c6 10. d4 Re8 11. dxe5 dxe5 12. Qc2 Nc5 13. Rad1 Qc7 14. Nd2 Bf5 15. Nde4 Rad8 16. Nxf6+ Bxf6 17. e4 Bg4 18. f3 Bc8 19. Na4 Ne6 20. f4 Nd4 21.
Bxd4 exd4 22. e5 Be7 23. c5 Bf5 24. Be4 Qd7 25. Bxf5 gxf5 26. Qc4 Qd5 27. Rd3 Qxc4 28. bxc4 Rd7 29. Rfd1 Red8 30. Kg2 Kg7 31. Kf3 h5 32. Rb1 Kg6 33. Ke2 h4 34. Kf3 hxg3 35. hxg3 Rh8 36.
Rbd1 Rhd8 37. g4 fxg4+ 38. Kxg4 f5+ 39. Kf3 Kf7 40. Rh1 Rg8 41. Rh6 Rg6 42. Rxg6 Kxg6 43.
Rd1 Kf7 44. Ke2 Rd8 45. Rb1 Rd7 46. Kd3 Ke6 47. Rh1 Rd8 48. Rh6+ Kf7 49. Rh7+ Ke6 50. Rh2 Kf7 51. Rh6 Kg7 52. Rd6 Bxd6 53. cxd6 Kf7 54. Kxd4 b6 55. Nxb6 Rb8 56. Kc5 1-0

[Event "Early-Titled-Tuesday-Blitz-June-18-2024"]
[Site "Chess.com"]
[Date "2024.06.18"]
[Round "6"]
[White "DenishevM"]
[Black "Gryffindorac8"]
[Result "0-1"]
[WhiteElo "2637"]
[BlackElo "2497"]
[TimeControl "180+1"]
[EndTime "9:07:46 PDT"]
[Termination "Gryffindorac8 won by resignation"]

1. e4 c5 2. Nf3 d6 3. Nc3 Nf6 4. d4 cxd4 5. Nxd4 a6 6. Bg5 e6 7. f4 Be7 8. Qe2 h6 9. Bh4 Nxe4 10. Nxe4 Bxh4+ 11. g3 Be7 12. O-O-O d5 13. Nc3 Nc6 14. Nb3 O-O 15. Bg2 Qc7 16. f5 Bf6 17. Na4 exf5 18.
Bxd5 Nb4 19. Bf3 Nxa2+ 20. Kb1 Nb4 21. c3 Nc6 22. Nac5 a5 23. Nd4 Nxd4 24. cxd4 a4 25. Qb5 a3 26. b3 a2+ 27. Ka1 Ra5 28. Qd3 Rxc5 29. Kxa2 Rc3 30. Qe2 Be6 31. Kb2 Rxb3+ 0-1

[Event "Early-Titled-Tuesday-Blitz-June-18-2024"]
[Site "Chess.com"]
[Date "2024.06.18"]
[Round "6"]
[White "Crazy_girl99"]
[Black "UK_23"]
[Result "1-0"]
[WhiteElo "2615"]
[BlackElo "2402"]
[TimeControl "180+1"]
[EndTime "9:07:50 PDT"]
[Termination "Crazy_girl99 won by checkmate"]

1. e4 c6 2. d4 d5 3. e5 c5 4. dxc5 e6 5. a3 Bxc5 6. b4 Be7 7. Bb2 f6 8. Nf3 Nd7 9. Bd3 Nh6 10. Qe2 Nf7 11.
exf6 Nxf6 12. Nbd2 a5 13. b5 b6 14. O-O Bd6 15. Rae1 O-O 16. Nd4 e5 17. Nc6 Qc7 18. f3 Re8 19. g3 Bh3 20. Rf2 Bc5 21. c4 Bxf2+ 22. Qxf2 d4 23. g4 h5 24. g5 Nxg5 25. Qg3 e4 26. Qxc7 exd3 27. Ne7+ Kh7 28. Bxd4 Nd7 29.
Qg3 Ne6 30. Qxh3 Nxd4 31. Qxh5# 1-0

[Event "Early-Titled-Tuesday-Blitz-June-18-2024"]
[Site "Chess.com"]
[Date "2024.06.18"]
[Round "6"]
[White "McCarthyStone"]
[Black "SuperGPatzer"]
[Result "1-0"]
[WhiteElo "2524"]
[BlackElo "2084"]
[TimeControl "180+1"]
[EndTime "9:07:50 PDT"]
[Termination "McCarthyStone won by resignation"]

1. c4 g5 2. d4 h6 3. Nc3 Bg7 4. e4 c5 5. Nge2 cxd4 6. Nxd4 d6 7. h4 g4 8. Be3 Nc6 9. Be2 h5 10. Qd2 Nf6 11. O-O-O a6 12. Kb1 Bd7 13. f3 gxf3 14. gxf3 Ne5 15. Rhg1 Rh7 16. Bg5 Rc8 17. Bxf6 exf6 18.
Nd5 Be6 19. Nxe6 fxe6 20. Nf4 Nxc4 21. Bxc4 Rxc4 22. Nxe6 Qe7 23. Qd5 Rc6 24. Qf5 Bh8 25. Rg8+ Kf7 26. Rf8+ Qxf8 27. Nxf8 Kxf8 28. Qxh7 1-0

[Event "Early-Titled-Tuesday-Blitz-June-18-2024"]
[Site "Chess.com"]
[Date "2024.06.18"]
[Round "6"]
[White "betta2004"]
[Black "szefru"]
[Result "0-1"]
[WhiteElo "2466"]
[BlackElo "2322"]
[TimeControl "180+1"]
[EndTime "9:07:51 PDT"]
[Termination "szefru won by resignation"]

1. Nf3 Nf6 2. e3 d5 3. b3 g6 4.
Bb2 Bg7 5. d4 O-O 6. Nbd2 Ne4 7.
Bd3 Nxd2 8. Qxd2 c5 9. h4 h5 10.
O-O-O c4 11. bxc4 dxc4 12. Bxc4 b5 13. Bb3 a5 14. Ne5 a4 15. Nxf7 Rxf7 16. Bxf7+ Kxf7 17. Qe2 Qd5 18. a3 Bb7 19. f3 b4 20. e4 Qa2 21.
Qb5 Bh6+ 22. f4 Bxf4+ 23. Rd2 Bxd2+ 24. Kxd2 Qxb2 25. Rf1+ Ke6 26. Qd5+ Bxd5 0-1

[Event "Early-Titled-Tuesday-Blitz-June-18-2024"]
[Site "Chess.com"]
[Date "2024.06.18"]
[Round "6"]
[White "Rutricks"]
[Black "Vaathi_Coming"]
[Result "0-1"]
[WhiteElo "2754"]
[BlackElo "2896"]
[TimeControl "180+1"]
[EndTime "9:07:53 PDT"]
[Termination "Vaathi_Coming won by resignation"]

1. c4 c6 2. d4 d5 3. Nf3 Nf6 4.
Nc3 e6 5. e3 g6 6. Bd3 Bg7 7.
O-O O-O 8. b3 Nbd7 9. Bb2 Re8 10. e4 dxc4 11. Bxc4 b5 12. Bd3 e5 13. d5 b4 14.
dxc6 Nc5 15. Nd5 Nxd5 16. exd5 Nxd3 17. Qxd3 e4 18. Qd2 Bxb2 19. Qxb2 exf3 20. Rfe1 Rxe1+ 21. Rxe1 Bf5 22. Qe5 Qg5 23. Qg3 Qd2 24. Rf1 Qxd5 25. c7 Re8 26. gxf3 Qd2 27. Qh4 Qd3 28. Rc1 Qxf3 29. Qxb4 Bh3 0-1

[Event "Early-Titled-Tuesday-Blitz-June-18-2024"]
[Site "Chess.com"]
[Date "2024.06.18"]
[Round "6"]
[White "BardArtem"]
[Black "HansOnTwitch"]
[Result "0-1"]
[WhiteElo "2836"]
[BlackElo "3158"]
[TimeControl "180+1"]
[EndTime "9:07:55 PDT"]
[Termination "HansOnTwitch won by resignation"]

1. e4 c6 2. d4 d5 3. c3 dxe4 4. Bc4 Nf6 5. Nd2 Bf5 6. Qb3 e6 7. Qxb7 Nbd7 8. Qxc6 Rc8 9. Qa4 Bd6 10. Ba6 Rb8 11. Nc4 Bc7 12. Qa3 Qe7 13. Qxe7+ Kxe7 14. Ne3 Bg6 15. Be2 Nb6 16. h4 h5 17. b3 Bd6 18.
c4 Bb4+ 19. Bd2 Bxd2+ 20. Kxd2 Rhd8 21. Kc3 Rbc8 22. Nh3 Nfd5+ 23. Nxd5+ Nxd5+ 24. Kb2 e3 25. Rac1 Nf6 26. fxe3 Be4 27. Bf3 Bf5 28. Nf2 e5 29. d5 e4 30. Bd1 Kd6 31. Kc3 Nxd5+ 32. Kd4 Ke6 33. Nxe4 0-1

[Event "Early-Titled-Tuesday-Blitz-June-18-2024"]
[Site "Chess.com"]
[Date "2024.06.18"]
[Round "6"]
[White "EdenDzung06"]
[Black "Hamisandwich"]
[Result "0-1"]
[WhiteElo "2444"]
[BlackElo "2760"]
[TimeControl "180+1"]
[EndTime "9:07:56 PDT"]
[Termination "Hamisandwich won by resignation"]

1. d4 Nf6 2. c4 c5 3. d5 b5 4.
Nd2 d6 5. Qc2 b4 6. b3 g6 7. Bb2 Bg7 8. e4 O-O 9. Bd3 e5 10. Ne2 a5 11. O-O Nh5 12. f4 exf4 13. Bxg7 Nxg7 14. Nxf4 Nd7 15. Nf3 Qf6 16. g3 Ne5 17.
Nxe5 Qxe5 18. Rae1 a4 19. Be2 axb3 20. axb3 Bd7 21.
Nd3 Qxe4 22. Bf3 Qd4+ 23. Kg2 Bf5 24. Be2 Rfe8 25. Qd1 Rxe2+ 26. Qxe2 Bxd3 27. Qf3 Bxf1+ 28. Rxf1 Nf5 29. Kh1 Qe3 30. Qg2 Qxb3 31. Qf2 Qxc4 32. Qf3 Ra3 33. Qe2 Qxe2 0-1

[Event "Early-Titled-Tuesday-Blitz-June-18-2024"]
[Site "Chess.com"]
[Date "2024.06.18"]
[Round "6"]
[White "ValentinDragnev"]
[Black "ninguno46"]
[Result "1-0"]
[WhiteElo "2699"]
[BlackElo "2559"]
[TimeControl "180+1"]
[EndTime "9:07:58 PDT"]
[Termination "ValentinDragnev won on time"]

1. Nf3 d6 2. e4 Nf6 3. Nc3 c6 4. d4 Bg4 5. h3 Bh5 6. Be3 e6 7. Be2 d5 8. e5 Nfd7 9. Nd2 Bg6 10. h4 h6 11. h5 Bh7 12. Bd3 Bxd3 13. cxd3 c5 14.
dxc5 Bxc5 15. d4 Bb6 16. Qg4 Kf8 17. Rh3 Qe7 18. Nf3 Nc6 19. Kf1 f5 20. Qf4 Qf7 21.
Kg1 a6 22. Ne2 1-0

[Event "Early-Titled-Tuesday-Blitz-June-18-2024"]
[Site "Chess.com"]
[Date "2024.06.18"]
[Round "6"]
[White "alexrustemov"]
[Black "Mikhail_Golubev"]
[Result "1-0"]
[WhiteElo "2867"]
[BlackElo "2660"]
[TimeControl "180+1"]
[EndTime "9:07:59 PDT"]
[Termination "alexrustemov won by resignation"]

1. d4 Nf6 2. c4 d6 3. Nf3 g6 4. g3 Bg7 5. Bg2 O-O 6. Nc3 c5 7.
dxc5 dxc5 8. O-O Nc6 9. Bf4 Nh5 10. Be3 b6 11. Qc1 Qe8 12. Bh6 Bb7 13. b3 Nf6 14. Bxg7 Kxg7 15. Qb2 Nd4 16. Nxd4 Bxg2 17. Ne6+ fxe6 18.
Kxg2 Qc6+ 19. Kg1 Rad8 20. Rad1 e5 21. Qc1 Qe6 22. Qe3 Rd4 23. Nb5 Rxd1 24. Rxd1 Ng4 25.
Nc7 Qc6 26. Qg5 Nxf2 27. Qxe7+ Kg8 28. Rd5 e4 29. Ne6 Nh3+ 30. Kg2 1-0

[Event "Early-Titled-Tuesday-Blitz-June-18-2024"]
[Site "Chess.com"]
[Date "2024.06.18"]
[Round "6"]
[White "blitzking1729"]
[Black "dennisodessa"]
[Result "1-0"]
[WhiteElo "2829"]
[BlackElo "2601"]
[TimeControl "180+1"]
[EndTime "9:08:02 PDT"]
[Termination "blitzking1729 won by resignation"]

1. e4 e6 2. d3 c5 3. Nf3 Nc6 4. g3 d6 5. Bg2 g6 6. O-O Bg7 7. c3 Nge7 8. Re1 O-O 9. d4 cxd4 10. cxd4 Qb6 11. d5 Ne5 12. Nc3 exd5 13. Nxe5 Bxe5 14. exd5 Bf5 15. a4 Rfe8 16. a5 Qc7 17. Rxe5 dxe5 18. d6 Qd7 19. dxe7 Qxd1+ 20. Nxd1 Rxe7 21. Nc3 e4 22.
Be3 a6 23. g4 Bxg4 24. Nd5 Re6 25. Nc7 Rae8 26. Nxe6 Rxe6 27. Ra4 f5 28. Rb4 Re7 29.
Bf1 Kg7 30. h3 Bf3 31. Kh2 Kf6 32. h4 Rd7 33. Bd4+ Ke7 34. Kg3 Rc7 35. Bc3 h6 36.
Rb6 g5 37. hxg5 hxg5 38. Bf6+ Ke8 39. Bxg5 Rc5 40. b4 Rc1 41. Bxc1 1-0

[Event "Early-Titled-Tuesday-Blitz-June-18-2024"]
[Site "Chess.com"]
[Date "2024.06.18"]
[Round "6"]
[White "Flawless_Fighter"]
[Black "doublesik"]
[Result "1-0"]
[WhiteElo "2805"]
[BlackElo "2571"]
[TimeControl "180+1"]
[EndTime "9:08:03 PDT"]
[Termination "Flawless_Fighter won by resignation"]

1. Nf3 d5 2. d4 Nf6 3. g3 Bf5 4. Bg2 h6 5. O-O e6 6. c4 c6 7. Nc3 Nbd7 8. Nd2 Be7 9. Re1 O-O 10. e4 dxe4 11. Ndxe4 Nxe4 12. Nxe4 Nf6 13. Nc3 Qd7 14. h3 Rfd8 15. Be3 Qc7 16. Qb3 Rac8 17. Rad1 b6 18.
Bf4 Qb7 19. Qa4 a6 20. Qb3 Qa7 21. a4 c5 22. d5 Bd6 23. Bxd6 Rxd6 24. dxe6 Rxe6 25.
Rxe6 Bxe6 26. Nd5 Nxd5 27. cxd5 Bd7 28. d6 c4 29. Qe3 Re8 30. Qd4 Bxa4 31. Rd2 Bd7 32.
Qxc4 b5 33. Qc7 Qxc7 34. dxc7 Bc8 35. Rd8 Kf8 36. Bc6 1-0

[Event "Early-Titled-Tuesday-Blitz-June-18-2024"]
[Site "Chess.com"]
[Date "2024.06.18"]
[Round "6"]
[White "Sofia_Blokhin"]
[Black "Dexter_Dyke"]
[Result "0-1"]
[WhiteElo "2311"]
[BlackElo "2497"]
[TimeControl "180+1"]
[EndTime "9:08:03 PDT"]
[Termination "Dexter_Dyke won on time"]

1. d4 Nf6 2. c4 c5 3. d5 e5 4. Nc3 d6 5. e4 Be7 6. g3 h5 7.
Bg2 Nbd7 8. h3 h4 9. Nf3 hxg3 10. fxg3 Nh5 11. g4 Nf4 12. Bxf4 exf4 13. Qd2 Bh4+ 14.
Kd1 Ne5 15. Nxe5 dxe5 16. Bf3 Bd7 17. Kc2 Qa5 18. Ne2 Qa6 19. b3 O-O 20. Nc1 b5 21.
Qd3 bxc4 22. bxc4 Ba4+ 23. Nb3 Rab8 24. Rhb1 Rb4 25. Kc3 Rfb8 26. Nxc5 Qa5 27. Nxa4 Rxb1+ 28. Kc2 Qxa4+ 29. Kd2 Rxa1 0-1

[Event "Early-Titled-Tuesday-Blitz-June-18-2024"]
[Site "Chess.com"]
[Date "2024.06.18"]
[Round "6"]
[White "Bkmzzzzz"]
[Black "xakevicius91"]
[Result "0-1"]
[WhiteElo "2393"]
[BlackElo "2639"]
[TimeControl "180+1"]
[EndTime "9:08:05 PDT"]
[Termination "xakevicius91 won by resignation"]

1. e4 c5 2. Nf3 e6 3. d3 Nc6 4. g3 Nf6 5. Bg2 d6 6. O-O Be7 7. Nbd2 O-O 8. Re1 Bd7 9. Nf1 Rc8 10. h4 b5 11. c3 Qb6 12. a3 a5 13. Be3 b4 14. axb4 axb4 15. c4 Ra8 16. Qc2 h6 17. N1d2 Ng4 18. Bf4 e5 19. Be3 Nxe3 20. fxe3 Ra5 21.
Nb3 Ra6 22. Rxa6 Qxa6 23. Ra1 Qb7 24. Kf2 Ra8 25. Qd1 Kf8 26. Qe1 Bf6 27. Qd1 Ra6 28. Rxa6 Qxa6 29. Qa1 Qb7 30. Nbd2 g5 31. hxg5 hxg5 32.
Qh1 g4 33. Nh4 Ne7 34. Nf5 Bxf5 35. exf5 Qa7 36. Ne4 Ng8 37. Nxd6 Qa2 38. Qc1 e4 39. Nxe4 Bxb2 40. Qd2 b3 41. Ke2 Bc1 42. Nc3 Qxd2+ 0-1

[Event "Early-Titled-Tuesday-Blitz-June-18-2024"]
[Site "Chess.com"]
[Date "2024.06.18"]
[Round "6"]
[White "Zohid6"]
[Black "Mikasinski"]
[Result "1-0"]
[WhiteElo "2980"]
[BlackElo "2712"]
[TimeControl "180+1"]
[EndTime "9:08:07 PDT"]
[Termination "Zohid6 won by resignation"]

1. e4 c5 2. Nf3 d6 3. Bb5+ Bd7 4. Bxd7+ Qxd7 5. c4 Nc6 6. Nc3 Nf6 7. d4 cxd4 8.
Nxd4 g6 9. f3 Bg7 10. Be3 O-O 11.
O-O Rfd8 12. Qd3 Rac8 13. b3 a6 14. Rac1 e6 15. Rfd1 d5 16. cxd5 exd5 17. Nxc6 Rxc6 18. Nxd5 Nxd5 19. Qxd5 Qxd5 20. Rxd5 Rxd5 21. exd5 Rxc1+ 22. Bxc1 Bd4+ 23. Kf1 Kf8 24. Ke2 Ke7 25. Kd3 Bg1 26. Ba3+ Kd7 27. h3 b5 28. Bb4 Bb6 29. a4 f5 30. g4 Bf2 31. axb5 axb5 32. Ke2 Bg3 33. Ke3 Be5 34. Kf2 Bf4 35. Ke2 Bg3 36. Kd3 Bf2 37.
Bf8 Bg1 38. Kc3 Kc7 39. Kb4 Kb6 40. Be7 Bd4 41. Bd8+ Ka6 42. d6 Kb7 43. Kxb5 Kc8 44.
Bc7 1-0